 Dungeon Crawl Stone Soup version 0.14.1-1-g650416f (webtiles) character file.

173 Quh the Distorting Demonspawn (level 4, 8/52 HPs)
             Began as a Demonspawn Abyssal Knight on May 2, 2014.
             Was a Believer of Lugonu.
             Quit the game on Level 3 of the Dungeon.
             The game lasted 00:14:24 (2784 turns).

Quh the Distorting Demonspawn (DsAK)                Turns: 2784, Time: 00:14:24

HP   8/52        AC  5     Str 19      XL: 4   Next: 41%
MP   8/8         EV 11     Int 13      God: Lugonu [**....]
Gold 77          SH  0     Dex 12      Spells:  0 memorised,  3 levels left

rFire  . . .     SeeInvis .     a - +1 spear
rCold  . . .     Clarity  .     b - +0 leather armour
rNeg   . . .     Conserve .     (no shield)
rPois  .         rCorr    .     (no helmet)
rElec  .         rRot     .     (no cloak)
SustAb . .       Spirit   .     (no gloves)
rMut   .         Warding  .     r - +0 pair of boots (curse)
Saprov . . .     Stasis   .     (no amulet)
MR     .....                    (no ring)
                                (no ring)

@: invisible, berserking, flying, lethally poisoned, very slightly contaminated,
very quick, not resistant to hostile enchantments, extremely unstealthy
A: icy blue scales 1, powered by death 1
a: Depart the Abyss, Bend Space, Renounce Religion


You were on level 3 of the Dungeon.
You worshipped Lugonu.
Lugonu was pleased with you.
You were not hungry.

You visited 1 branch of the dungeon, and saw 3 of its levels.
You visited the Abyss 1 time.

You collected 77 gold pieces.

Inventory:

Hand weapons
 a - a +1,+1 spear (weapon)
 g - a +0,+1 spear
Missiles
 e - 47 darts (quivered)
 j - 16 bolts
Armour
 b - a +0 leather armour (worn)
 h - a +0 leather armour
 r - a cursed +0 pair of boots (worn)
 s - a +2 ring mail
 t - a cursed -1 pair of boots
Comestibles
 c - a bread ration
 q - an apple
 v - a choko
Scrolls
 d - 2 scrolls of identify {unknown}
 i - 4 scrolls of remove curse {unknown}
 k - a scroll of teleportation {unknown}
 m - a scroll of fog {unknown}
 n - a scroll of enchant weapon I {unknown}
 p - a scroll of enchant weapon II {unknown}
Potions
 f - a potion of invisibility
 l - a potion of flight


   Skills:
 - Level 3.0 Fighting
 * Level 3.0 Polearms
 - Level 1.7 Armour
 - Level 0.8 Dodging
 * Level 5.0 Invocations


You had 3 spell levels left.
You didn't know any spells.

Dungeon Overview and Level Annotations

Branches:
Dungeon (3/15)

Altars:


Innate Abilities, Weirdness & Mutations

You are partially covered in icy blue scales (AC +1).
You can steal the life force of nearby defeated enemies.


Message History

Drink which item? (? for menu, Esc to quit)
A red film seems to cover your vision as you go berserk!
You feel yourself moving faster!
You feel mighty!
It was a potion of berserk rage.
You feel sick.
You feel a strong urge to attack something.
You feel sick.
You see here an adder corpse.
You feel sick.
You start butchering the adder corpse.
You continue butchering the corpse.
You feel sick.
You continue butchering the corpse.
You feel sick.
You continue butchering the corpse.
You finish butchering the adder corpse.
You enjoyed that.
You see here a chunk of adder flesh.
There is a lethal amount of poison in your body!
There is a lethal amount of poison in your body!
Assign waypoint to what number? (0-9)
Okay, then.
Are you sure you want to abandon this character and quit the game? (Confirm with "yes".)

#........# ####.####
#........####........
#........'....##.####
#........#######.#
#........# #.#
#........# #.#
####'##### #.# #.#
#.# #@## #.# #..# #.#
##.# #..........#
#......)...#
#..........#
#..........#
#..........
#....>....


There were no monsters in sight!

Vanquished Creatures
  3 adders
  2 worms (D:2)
  A giant gecko (D:3)
  2 oozes
  10 bats
  2 giant cockroaches (D:2)
  4 goblins
  11 hobgoblins
  4 kobolds
  A quokka (D:2)
  2 giant newts (D:1)
  5 jackals (D:1)
  2 rats
49 creatures vanquished.

Notes
Turn   | Place    | Note
--------------------------------------------------------------
     0 | Abyss:1  | Quh, the Demonspawn Abyssal Knight, began the quest for the Orb.
     0 | Abyss:1  | Reached XP level 1. HP: 18/18 MP: 1/1
    28 | Abyss:1  | Found a corrupted altar of Lugonu.
    61 | Abyss:1  | Noticed a small abomination
    62 | D:1      | Escaped the Abyss
   443 | D:1      | Acquired Lugonu's first power
   506 | D:1      | Gained mutation: You are partially covered in icy blue scales (AC +1). [demonic ancestry]
   506 | D:1      | Reached XP level 2. HP: 22/24 MP: 2/2
  1434 | D:2      | Gained mutation: You can steal the life force of nearby defeated enemies. [demonic ancestry]
  1434 | D:2      | Reached XP level 3. HP: 18/29 MP: 5/5
  1487 | D:2      | Reached skill level 4 in Invocations
  2076 | D:2      | Acquired Lugonu's second power
  2420 | D:2      | Reached XP level 4. HP: 15/35 MP: 7/7
  2773 | D:3      | Reached skill level 5 in Invocations
  2784 | D:3      | Quit the game

Action                   |  1- 3 |  4- 6 || total
-------------------------+-------+-------++-------
Melee: Spear             |   222 |    55 ||   277
Throw: Dart              |     3 |       ||     3
Invok: Depart the Abyss  |     1 |       ||     1
  Use: Potion            |       |     5 ||     5
